 Dungeon Crawl Stone Soup version 0.25-a0-161-gb7fd73da8f (webtiles) character file.

Game seed: 13934868708671620342, levelgen mode: deterministic

1538 MisterFreud the Nimble (level 8, -5/39 HPs)
             Began as a Felid Wanderer on Nov 21, 2019.
             Was a Follower of Uskayaw.
             Killed from afar by an orc wizard (10 damage)
             ... with a magic dart
             ... on level 8 of the Dungeon.
             The game lasted 00:13:31 (8542 turns).

MisterFreud the Nimble (Felid Wanderer)             Turns: 8542, Time: 00:13:32

Health: -5/39      AC:  2    Str: 11    XL:     8   Next: 56%
Magic:  13/13      EV: 29    Int: 14    God:    Uskayaw [*.....]
Gold:   409        SH:  0    Dex: 14    Spells: 11/11 levels left
                                        Lives:  0   Deaths: 2

rFire    . . .     SeeInvis +     - Unarmed
rCold    . . .     Gourm    .   (shield unavailable)
rNeg     . . .     Faith    .   (armour unavailable)
rPois    +         Spirit   .   (helmet unavailable)
rElec    .         Reflect  .   (cloak unavailable)
rCorr    .         Harm     .   (gloves unavailable)
MR       +....                  (boots unavailable)
Stlth    +++.......             (no amulet)
HPRegen  0.13/turn              j - +6 ring of evasion
MPRegen  0.13/turn              q - ring of poison resistance

@: quick
A: very small, no armour, no weapons or thrown items, stealth, claws 1, fangs 3,
see invisible, carnivore, speed 1, shaggy fur 2, slow metabolism 1, sharp paws
a: Stomp, Renounce Religion


You were on level 8 of the Dungeon.
You worshipped Uskayaw.
Uskayaw was noncommittal.
You were completely stuffed.

You visited 2 branches of the dungeon, and saw 9 of its levels.

You collected 409 gold pieces.

Inventory:

Jewellery
 g - an uncursed ring of flight
 j - a +6 ring of evasion (left paw)
 n - an uncursed ring of ice
 p - an uncursed ring of wizardry
 q - a ring of poison resistance (right paw)
Wands
 o - a wand of enslavement (9)
 s - a wand of random effects (19)
 x - a wand of flame (12)
Scrolls
 d - a scroll of blinking {unknown}
 e - 2 scrolls of enchant weapon
 f - 3 scrolls of teleportation
 l - 2 scrolls of remove curse
 t - 3 scrolls of identify
 v - a scroll of magic mapping {unknown}
 w - a scroll of fear {unknown}
 y - a scroll of noise {unknown}
Potions
 b - 3 potions of flight
 h - 2 potions of heal wounds
 i - 4 potions of curing
 k - a potion of might
 m - 3 potions of mutation
 r - a potion of haste
 u - a potion of degeneration {unknown}
Miscellaneous
 a - a box of beasts
Comestibles
 c - 10 rations


   Skills:
 + Level 6.6 Fighting
 + Level 8.5 Dodging
 + Level 4.4 Stealth
 - Level 6.0 Unarmed Combat
 - Level 2.0 Spellcasting
   Level 1.5 Translocations
 - Level 6.0 Evocations


You had 11 spell levels left.
You didn't know any spells.
Your spell library contained the following spells:

 Spells                   Type           Power        Failure   Level  Hunger
 Magic Dart               Conj           #...         24%         1    ##.....
 Shock                    Conj/Air       #...         24%         1    ##.....
 Searing Ray              Conj           #.....       34%         2    ###....
 Swiftness                Chrm/Air       #.......     34%         2    ###....
 Dazzling Spray           Conj/Hex       #.....       56%         3    ####...
 Static Discharge         Conj/Air       #.......     56%         3    ####...
 Force Lance              Conj/Tloc      #.......     86%         4    #####..
 Airstrike                Air            #.........   93%         4    #####..
 Fulminant Prism          Conj/Hex       #.........   93%         4    #####..
 Iskenderun's Mystic Bla  Conj           #.......     93%         4    #####..
 Lightning Bolt           Conj/Air       #.........   100%        5    ######.


Dungeon Overview and Level Annotations

Branches:
Dungeon (8/15)             Temple (1/1) D:6
   Lair: D:8-11

Altars:
Ashenzari
Cheibriados
Dithmenos
Elyvilon
Fedhas
Gozag
Hepliaklqana
Kikubaaqudgha
Makhleb
Nemelex Xobeh
Okawaru
Qazlal
Ru
Sif Muna
Trog
Uskayaw
Vehumet
Wu Jian
Xom
Yredelemnul
Zin
The Shining One

Shops:
D:6 }   D:7 [%

Annotations:
D:2 1 runed translucent door, Crazy Yiuf
D:8 Gastronok


Innate Abilities, Weirdness & Mutations

You cannot wear armour.
You are incapable of wielding weapons or throwing items.
Your paws allow you to move quietly. (Stealth)
You have sharp claws.
You have razor-sharp teeth.
You have supernaturally acute eyesight. (SInv)
You are carnivorous and can eat meat at any time.
You cover ground quickly.
You are covered in thick fur. (AC +2)
You have a slow metabolism.
Your sharp claws are effective at attacking unaware monsters.


Message History

The orc priest mumbles some strange prayers to Beogh against you.
Beogh smites you!
* * * LOW HITPOINT WARNING * * *
An orc comes into view. It is wielding a +0 hand axe.
You are too injured to fight recklessly!
You are too injured to fight recklessly!
Unknown command.
You claw the orc!
You kill the orc!
Gastronok the Ponderous comes into view.
He is wearing a +2 hat of magic resistance.
The orc wizard mumbles some strange words.
The orc wizard blinks!
The orc wizard casts a spell at you. The magic dart hits you!
* * * LOW HITPOINT WARNING * * *
The bullfrog completely misses you.
The bullfrog swells and bulges.
The orc wizard casts a spell at you. The magic dart hits you!
You die...

.......................(.......##
......#.##<......##..........#...
#....^###....................#...
.....#.###....................#.#
.....#........................#.#
.#......#.##..>...............#..
...##.#####......................
.#..#.#......#..........#....##..
##........####..@F...#.##.#..##..
#.........## ##.........#.# .#...
...........#####..........#...##.
#................................
.................#.#o..##...# #..
.................####........ ##.
.................##.#........ ..
.............................
.................##..)......#


You could see a bullfrog and an orc wizard.

Vanquished Creatures
  Pikel (D:7)
  Duvessa (D:4)
  A sky beast (D:8)
  An ogre (D:8)
  A phantom (D:5)
  A centaur (D:8)
  2 big kobolds (D:7)
  2 bullfrogs (D:7)
  Dowan (D:4)
  2 scorpions
  2 howler monkeys
  A bullfrog zombie (D:7)
  2 crimson imps
  3 hounds
  3 orc priests
  A centaur skeleton (D:7)
  A gnoll shaman (D:3)
  2 iguanas
  3 orc wizards
  3 worker ants
  5 gnolls
  7 adders
  An ooze (D:1)
  An adder skeleton (D:7)
  2 worms
  4 dart slugs
  6 leopard geckos
  28 orcs
  7 giant cockroaches
  10 goblins
  3 hobgoblins
  15 jackals
  15 kobolds
  A quokka (D:3)
  A ball python (D:2)
  8 bats
  5 frilled lizards
  A leopard gecko skeleton (D:5)
  A quokka skeleton (D:5)
  6 rats
161 creatures vanquished.

Vanquished Creatures (collateral kills)
  4 gnolls (D:3)
4 creatures vanquished.

Grand Total: 165 creatures vanquished

Notes
Turn   | Place    | Note
-------+----------+-------------------------------------------
     0 | D:1      | MisterFreud the Felid Wanderer began the quest for the Orb.
     0 | D:1      | MisterFreud set off with the following items: a box of
                  | beasts, a potion of lignification, a ration
     0 | D:1      | Reached XP level 1. HP: 11/11 MP: 4/4
   242 | D:1      | Reached XP level 2. HP: 15/15 MP: 6/6
   888 | D:1      | Reached XP level 3. HP: 18/18 MP: 7/7
  1079 | D:1      | Reached skill level 1 in Dodging
  1345 | D:2      | Reached skill level 2 in Dodging
  1454 | D:2      | Reached XP level 4. HP: 21/22 MP: 8/8
  1483 | D:2      | Reached skill level 3 in Dodging
  1627 | D:2      | Reached skill level 4 in Dodging
  1998 | D:2      | Found a runed translucent door.
  1999 | D:2      | Noticed Crazy Yiuf
  2816 | D:3      | Slain by an orc priest
  2817 | D:3      | Reached XP level 3. HP: 0/18 MP: 7/7
  2829 | D:3      | Reached skill level 5 in Dodging
  2829 | D:3      | Reached XP level 4. HP: 2/22 MP: 8/8
  3233 | D:3      | Found a glowing silver altar of Zin.
  3389 | D:3      | Reached XP level 5. HP: 25/25 MP: 9/9
  3726 | D:3      | Found a shadowy altar of Dithmenos.
  4307 | D:4      | Noticed Dowan
  4308 | D:4      | Noticed Duvessa
  4323 | D:4      | Gained mutation: You are covered in thick fur. (AC +2)
                  | [Felid growth]
  4323 | D:4      | Reached XP level 6. HP: 23/29 MP: 10/10
  4596 | D:4      | Reached skill level 6 in Dodging
  4961 | D:4      | Killed Dowan
  4972 | D:4      | Killed Duvessa
  4972 | D:4      | Reached skill level 5 in Fighting
  5376 | D:5      | Entered Level 5 of the Dungeon
  5401 | D:5      | Reached XP level 7. HP: 19/33 MP: 11/11
  5844 | D:5      | Found an opulent altar of Gozag.
  6279 | D:5      | Reached skill level 7 in Dodging
  6793 | D:6      | Found a staircase to the Ecumenical Temple.
  6890 | D:6      | Found Hataproe's Gadget Emporium.
  6899 | D:6      | Reached skill level 5 in Unarmed Combat
  7062 | D:7      | Reached XP level 8. HP: 37/38 MP: 12/12
  7152 | D:7      | Found Ushyi's Food Boutique.
  7306 | Temple   | Entered the Ecumenical Temple
  7414 | Temple   | Became a worshipper of Uskayaw the Reveler
  7485 | D:7      | Reached * piety under Uskayaw
  7498 | D:7      | HP: 1/38 [orc priest/divine providence (14)]
  7499 | D:7      | Slain by an orc priest
  7499 | D:7      | Reached ** piety under Uskayaw
  7500 | D:7      | Reached XP level 7. HP: -3/34 MP: 11/11
  7565 | D:7      | Found Wyxker's Armour Shop.
  7643 | D:7      | Found Qame's Food Emporium.
  7858 | D:7      | Found a basalt altar of Yredelemnul.
  8223 | D:8      | Reached *** piety under Uskayaw
  8228 | D:8      | Reached **** piety under Uskayaw
  8231 | D:8      | Reached ***** piety under Uskayaw
  8269 | D:8      | Reached skill level 8 in Dodging
  8269 | D:8      | Reached skill level 5 in Evocations
  8302 | D:8      | Reached XP level 8. HP: 20/38 MP: 12/12
  8395 | D:8      | Noticed Pikel
  8435 | D:7      | Killed Pikel
  8535 | D:8      | Noticed Gastronok
  8542 | D:8      | Killed from afar by an orc wizard

Levels and vault maps discovered:
D:1:      onia_arrival_pentagram, layout_loops_corners, minmay_cupped
D:2:      layout_basic, serial_bayou, serial_bayou_ford_a,
          serial_bayou_lagoon_a, serial_bayou_pond_d, serial_bayou_shore_a,
          serial_bayou_shore_b, first_ration, uniq_crazy_yiuf_cottage
D:3:      wander_river, layout_loops_ring, lemuel_crystal_altar,
          nicolae_dithmenos_through_a_glass_darkly
D:4:      layout_cave_pods, uniq_duvessa
D:5:      layout_loops_corners, nicolae_gozag_cash_rules_everything_around_me
D:6:      layout_loops_cross, minmay_temple_entry_from_below_a, serial_shops,
          shop
D:7:      layout_loops_ring, serial_shops, shop, shop, kennysheep_mini_moat,
          basic_altar
D:8:      layout_cave_pools, uniq_gastronok, uniq_pikel
Temple:   kilobyte_greek_temple

Skill      XL: |  1  2  3  4  5  6  7  8 |
---------------+-------------------------+-----
Unarmed Combat | 2 3 4 5 6 |  6.0
Dodging        | 5 4 6 8 |  8.5
Fighting       | 5 6 |  6.6
Evocations     | 5 6 |  6.0
Stealth        | 3 4 |  4.4
Spellcasting   | |  2.0
Translocations | |  1.5

Action                   |  1- 3 |  4- 6 |  7- 9 || total
-------------------------+-------+-------+-------++-------
Melee: Unarmed           |    96 |   244 |   279 ||   619
       Bite              |    10 |    18 |    30 ||    58
       Punch             |     1 |     3 |     6 ||    10
Evoke: Box of beasts     |       |     1 |       ||     1
  Use: Potion            |       |     2 |       ||     2
       Scroll            |       |     7 |     3 ||    10
 Stab: Sleeping          |    12 |     7 |     4 ||    23
       Distracted        |       |     1 |     1 ||     2
       Paralysed         |       |       |     4 ||     4
  Eat: Chunk             |     9 |    11 |    12 ||    32
Armor: Skin              |     7 |    37 |     4 ||    48
Dodge: Dodged            |    77 |   215 |   228 ||   520

Table legend:
 A = Non-vault XP
 B = Vault XP
 C = Vault XP percentage of total XP
 D = Non-vault monster count
 E = Vault monster count
 F = Vault count percentage of total count
                 A         B        C        D         E       F
            +---------+---------+-------+---------+---------+-------
      Total |    2311 |     857 |  27.1 |     158 |       7 |   4.2
            +---------+---------+-------+---------+---------+-------
        D:1 |      59 |       7 |  10.6 |      26 |       4 |  13.3
        D:2 |      91 |       0 |   0.0 |      18 |       0 |   0.0
        D:3 |     197 |       0 |   0.0 |      36 |       0 |   0.0
        D:4 |     195 |     221 |  53.1 |      17 |       2 |  10.5
        D:5 |     282 |       0 |   0.0 |       8 |       0 |   0.0
        D:6 |     250 |       0 |   0.0 |      17 |       0 |   0.0
        D:7 |     734 |     629 |  46.1 |      25 |       1 |   3.8
        D:8 |     503 |       0 |   0.0 |      11 |       0 |   0.0
            +---------+---------+-------+---------+---------+-------
